 Dungeon Crawl Stone Soup version 0.30.1-3-gfc49f6343a (webtiles) character file.

Game seed: 10907907838853507920

971 gool the Summoner (level 7, 27/27 HPs)
             Began as a Felid Summoner on July 27, 2023.
             Was an Initiate of Hepliaklqana.
             Got out of the dungeon alive.
             The game lasted 00:19:34 (6461 turns).

gool the Summoner (Felid Summoner)                  Turns: 6461, Time: 00:19:35

Health: 27/27      AC:  2    Str:  8    XL:     7   Next: 94%
Magic:  15/15      EV: 21    Int: 19    God:    Hepliaklqana [......]
Gold:   1064       SH:  0    Dex: 18    Spells: 3/15 levels left
                                        Lives:  1   Deaths: 1

rFire   x .          .
                       - Unarmed
rCold   . . .        (shield unavailable)
rNeg    + + +        (body armour unavailable)
rPois   .            (helmet unavailable)
rElec   .            (cloak unavailable)
rCorr   .            (gloves unavailable)
SInv    +            (boots unavailable)
Will    +....        c - amulet of Yjeegonn {RegenMP rF- rN+++ Str+4 Dex+2}
Stlth   ++++         d - ring of wizardry
HPRegen 0.24/turn    f - ring of wizardry
MPRegen 0.54/turn

%: wizardry (x2)
@: quick
A: very small, claws 1, fangs 3, see invisible, speed 1, shaggy fur 2, stealthy
paws, no weapons or thrown items, no armour, multi-lived
a: Renounce Religion


You escaped.
You worshipped Hepliaklqana.
Hepliaklqana was noncommittal.
You visited 2 branches of the dungeon, and saw 6 of its levels.
You also visited: Ossuary.

You collected 1064 gold pieces.

Inventory:

Jewellery
 c - the amulet of Yjeegonn (around neck) {RegenMP rF- rN+++ Str+4 Dex+2}
   (You took it off an orc priest on level 3 of the Dungeon)

   [amulet of magic regeneration]

   It increases your rate of magic regeneration.
   Str:       It affects your strength (+4).
   Dex:       It affects your dexterity (+2).
   rF:        It makes you vulnerable to fire.
   rN:        It renders you almost immune to negative energy.
 d - a ring of wizardry (left paw)
 e - a ring of protection from cold
 f - a ring of wizardry (right paw)
 p - a ring of protection from fire
 z - an amulet of the acrobat
Wands
 h - a wand of polymorph (3)
 o - a wand of paralysis (8)
Scrolls
 k - 4 scrolls of fear
 l - 2 scrolls of fog
 m - 3 scrolls of teleportation
 r - 2 scrolls of blinking
 u - 3 scrolls of immolation
 w - 3 scrolls of magic mapping {unknown}
 y - a scroll of amnesia
Potions
 a - 3 potions of magic
 b - 2 potions of brilliance
 g - a potion of attraction
 i - 2 potions of degeneration
 j - a potion of flight {unknown}
 n - 3 potions of curing
 q - a potion of invisibility
 s - 2 potions of might
 v - a potion of ambrosia
 x - 2 potions of berserk rage


   Skills:
 + Level 6.5 Dodging
 + Level 7.1 Stealth
 + Level 4.5 Unarmed Combat
 + Level 4.7 Spellcasting
 * Level 8.0 Summonings


You had 3 spell levels left.
You knew the following spells:

 Your Spells              Type           Power      Damage    Failure   Level
a - Summon Guardian Gole  Hex/Summ       19%        N/A       2%          3
b - Call Imp              Summ           68%        N/A       1%          2
c - Call Canine Familiar  Summ           34%        N/A       1%          3
d - Summon Lightning Spi  Summ/Air       19%        N/A       7%          4

Your spell library contained the following spells:

 Spells                   Type           Power      Damage    Failure   Level
 Summon Small Mammal      Summ           100%       N/A       1%          1
 Leda's Liquefaction      Hex/Erth       2%         N/A       30%         4
 Portal Projectile        Hex/Tloc       Unusable   N/A       N/A         3

Dungeon Overview and Level Annotations

Branches:
Dungeon (5/15)             Temple (1/1) D:5         Ossuary (visited)

Altars:
Ashenzari
Dithmenos
Elyvilon
Gozag
Hepliaklqana
Makhleb
Okawaru
Qazlal
Sif Muna
Uskayaw
Wu Jian
Zin

Annotations:
D:4 2 transporters, Wiggles's ghost, amateur MiBe


Innate Abilities, Weirdness & Mutations

You have sharp claws.
You have razor-sharp teeth.
You have supernaturally acute eyesight. (SInv)
You cover ground quickly. (Speed+)
You are covered in thick fur. (AC +2)
Your paws help you pounce on unaware monsters.
You are incapable of wielding weapons or throwing items.
You cannot wear armour.
You gain extra lives every three experience levels.


Message History

You are now level 7!
You rejoin the land of the living...
Welcome back, gool the Felid Summoner.
Hepliaklqana says: Your past becomes your present!
Press ? for a list of commands and other information.
Unknown command.
You have 1064 gold pieces.
Char dumped successfully.
Char dumped successfully.
(D) Dungeon (T) Temple
Where to? (? - help)
What level of the Dungeon? (default 1, ? - help)
There is an open door here.
There is an open door here.
There is a stone staircase leading up here.
You climb upwards.
Level annotation: 2 transporters, Wiggles's ghost, amateur MiBe
There is a stone staircase leading down here.
There is a stone staircase leading up here.
You climb upwards.
There is a stone staircase leading down here.
There is a stone staircase leading up here.
You climb upwards.
There is a stone staircase leading down here.
There is a stone staircase leading up here.
You climb upwards.
There is a stone staircase leading down here.
You see here 7 stones.
As you open the door, it creaks loudly!
There is an open door here.
There is an open door here.
Okay, then.
Unknown command.
There is an open door here.
There is an open door here.
You open the door.
There is an open door here.
There is a staircase leading out of the dungeon here.
Are you sure you want to leave the Dungeon?
This will make you lose the game!
You have escaped!

####.# ####### ###.........
.....# ######## #.....>...
###### ####......####
##........ ##............##
#........ #
#......####....###........ ###
##....#######....##........ ..#
##....##.....##...###......#
#.##
#..).###..##.###..###......#
#..#
#....##..##@.###..##.......#
##.#
#....##.(.###'#..###......##
#.###..^.###...###...##.......#
#..###....##........###......##
###..##.....###....####.......#
.##..###.....########........##
.###.# ##......####.........##
# .'...# ##.................##
## .###.##
###.............#######.


There were no monsters in sight!

Vanquished Creatures
  A human zombie (D:5)
  A hound (D:5)
  2 orc priests (D:3)
  3 adders
  3 orcs
  3 endoplasms
  A giant cockroach (D:4)
  3 hobgoblins
  A kobold (D:2)
  A quokka (D:4)
  9 ball pythons
  3 bats (D:1)
  2 rats
  A butterfly (D:5)
34 creatures vanquished.

Vanquished Creatures (collateral kills)
  Menkaure (D:5)
  2 ogres (D:5)
  3 phantoms
  4 elf zombies
  2 scorpions
  A jelly (D:5)
  2 centaur zombies (Ossuary)
  3 human zombies (Ossuary)
  5 orc priests
  Jessica (D:3)
  2 iguanas (D:5)
  2 human skeletons (D:5)
  3 orc wizards
  3 mummies (Ossuary)
  3 adders
  2 worms (D:4)
  4 dart slugs
  24 orcs
  3 bats
  An endoplasm (D:2)
  2 giant cockroaches
  3 goblins
  4 hobgoblins
  2 jackals (D:1)
  8 kobolds
  3 quokkas
  7 ball pythons
  2 orc zombies (D:5)
  A rat (D:3)
  A butterfly (D:5)
104 creatures vanquished.

Vanquished Creatures (others)
  2 centaur zombies (Ossuary)
  2 human zombies (Ossuary)
4 creatures vanquished.

Grand Total: 142 creatures vanquished

Notes
Turn   | Place    | Note
-------+----------+-------------------------------------------
     0 | D:1      | gool the Felid Summoner began the quest for the Orb.
     0 | D:1      | Reached XP level 1. HP: 7/7 MP: 4/4
   212 | D:1      | Reached skill level 1 in Unarmed Combat
   324 | D:1      | Reached XP level 2. HP: 10/11 MP: 3/6
   327 | D:1      | Learned a level 2 spell: Call Imp
  1688 | D:2      | Reached XP level 3. HP: 12/14 MP: 4/7
  1692 | D:2      | Learned a level 3 spell: Call Canine Familiar
  2172 | D:2      | Found a faded altar of an unknown god.
  2610 | D:3      | Reached XP level 4. HP: 17/18 MP: 2/8
  2694 | D:3      | Identified the amulet of Yjeegonn {RegenMP rF- rN+++ Str+4
                  | Dex+2}
  2893 | D:3      | Noticed Jessica
  2899 | D:3      | Killed Jessica
  2900 | D:3      | Reached skill level 5 in Summonings
  2900 | D:3      | Reached XP level 5. HP: 21/21 MP: 8/10
  3641 | D:3      | Gained mutation: You are covered in thick fur. (AC +2)
                  | [Felid growth]
  3641 | D:3      | Reached XP level 6. HP: 17/24 MP: 8/11
  3933 | D:4      | Found a transporter.
  4010 | D:4      | Learned a level 4 spell: Summon Lightning Spire
  4239 | D:4      | Reached skill level 6 in Summonings
  4239 | D:4      | Reached XP level 7. HP: 27/27 MP: 10/13
  4335 | D:4      | Noticed Wiggles's ghost (amateur MiBe)
  4336 | D:4      | Found a transporter.
  4416 | D:4      | Reached skill level 5 in Stealth
  4572 | D:5      | Entered Level 5 of the Dungeon
  4578 | D:5      | Found a staircase to the Ecumenical Temple.
  4586 | Temple   | Entered the Ecumenical Temple
  4746 | Temple   | Became a worshipper of Hepliaklqana the Forgotten
  5018 | D:5      | Identified a scroll of acquirement
  5018 | D:5      | Acquired 775 gold pieces
  5167 | D:5      | Noticed Menkaure
  5178 | D:5      | Killed Menkaure
  5179 | D:5      | Reached skill level 5 in Dodging
  5204 | D:5      | Found a sand-covered staircase.
  5222 | Ossuary  | Entered an ossuary
  5371 | Ossuary  | Reached XP level 8. HP: 31/31 MP: 10/15
  5375 | Ossuary  | Learned a level 3 spell: Summon Guardian Golem
  5407 | Ossuary  | Reached skill level 7 in Summonings
  6119 | D:5      | Reached skill level 8 in Summonings
  6194 | D:5      | Killed from afar by a steam dragon
  6195 | D:5      | Reached XP level 7. HP: -6/27 MP: 13/15
  6461 | D:$      | Got out of the dungeon alive.

Illustrated notes

Levels and vault maps discovered:
D:1:      dpeg_arrival_snail, layout_basic
D:2:      layout_loops_ring, shapermc_ecumenical_altar_mp_ritualfount,
          minmay_goblin_kobold_house
D:3:      layout_loops_corners, kennysheep_jessica_study, uniq_jessica
D:4:      layout_rooms, gammafunk_ghost_mausoleum
D:5:      layout_gridville, minmay_temple_entry_butterflies,
          nicolae_ossuary_entry_catacombs, uniq_menkaure
Temple:   hc_temple_tempest_star

Skill      XL: |  1  2  3  4  5  6  7  8 |
---------------+-------------------------+-----
Unarmed Combat | 1 2 3 4 |  4.5
Stealth        | 3 4 5 7 |  7.1
Dodging        | 3 4 5 6 |  6.5
Summonings     | 5 6 8 |  8.0
Spellcasting   | 3 4 |  4.7

Action                     |  1- 3 |  4- 6 |  7- 9 || total
---------------------------+-------+-------+-------++-------
  Melee: Unarmed           |    39 |    31 |    38 ||   108
         Bite              |     3 |     6 |     8 ||    17
         Punch             |       |     2 |     1 ||     3
   Cast: Summon Small Mamm |    18 |       |       ||    18
         Call Imp          |    13 |    13 |    15 ||    41
         Call Canine Famil |     4 |    15 |    21 ||    40
         Summon Lightning  |       |     2 |    24 ||    26
         Summon Guardian G |       |       |     2 ||     2
    Use: Potion            |     2 |     6 |     3 ||    11
         Scroll            |     4 |       |    15 ||    19
   Stab: Sleeping          |     7 |     6 |     3 ||    16
         Distracted        |       |     1 |       ||     1
 Armour: Skin              |     2 |     3 |     4 ||     9
  Dodge: Dodged            |    33 |    27 |    61 ||   121
